 Dungeon Crawl Stone Soup version 0.25-a0-734-g73332aeda9 (webtiles) character file.

Game seed: 15548447804603954158, levelgen mode: deterministic

465 vurker the Gusty (level 6, 28/28 HPs)
             Began as a Felid Air Elementalist on Apr 10, 2020.
             Was an Initiate of Vehumet.
             Quit the game on level 4 of the Dungeon.
             The game lasted 00:07:43 (6087 turns).

vurker the Gusty (Felid Air Elementalist)           Turns: 6087, Time: 00:07:44

Health: 28/28      AC:  2    Str:  4    XL:     6   Next: 80%
Magic:  14/14      EV: 18    Int: 18    God:    Vehumet [......]
Gold:   205        SH:  0    Dex: 17    Spells: 2/14 levels left
                                        Lives:  0   Deaths: 1

rFire    . . .     SeeInvis +   (weapon unavailable)
rCold    . . .     Gourm    .   (shield unavailable)
rNeg     . . .     Faith    .   (armour unavailable)
rPois    .         Spirit   .   (helmet unavailable)
rElec    .         Reflect  .   (cloak unavailable)
rCorr    .         Harm     .   (gloves unavailable)
MR       .....                  (boots unavailable)
Stlth    ++........             (no amulet)
HPRegen  0.09/turn              m - ring of attention (curse)
MPRegen  0.14/turn              (no ring)

@: quick
A: very small, no armour, no weapons or thrown items, stealth, claws 1, fangs 3,
see invisible, carnivore, speed 1, shaggy fur 2, slow metabolism 1, sharp paws
a: Renounce Religion


You were on level 4 of the Dungeon.
You worshipped Vehumet.
Vehumet was noncommittal.
You were full.

You visited 2 branches of the dungeon, and saw 5 of its levels.

You collected 205 gold pieces.

Inventory:

Jewellery
 m - a cursed ring of attention (left paw)
   (You found it on level 3 of the Dungeon)
Scrolls
 g - 4 scrolls of teleportation {unknown}
 k - a scroll of amnesia {unknown}
 n - a scroll of remove curse {unknown}
Potions
 a - a potion of stabbing {unknown}
 b - 2 potions of heal wounds
 c - a potion of flight {unknown}
 d - a potion of cancellation {unknown}
 f - a potion of brilliance {unknown}
 h - a potion of ambrosia {unknown}
 i - a potion of resistance {unknown}
 j - a potion of berserk rage {unknown}
 l - a potion of mutation {unknown}
 o - a potion of lignification {unknown}
Comestibles
 e - 12 rations


   Skills:
 + Level 3.0 Fighting
 - Level 2.6 Dodging
 - Level 2.6 Stealth
 * Level 4.7 Spellcasting
 + Level 3.0 Conjurations
 * Level 5.0 Air Magic


You had 2 spell levels left.
You knew the following spells:

 Your Spells              Type           Power        Failure   Level  Hunger
a - Shock                 Conj/Air       ###.         2%          1    None
b - Lightning Bolt        Conj/Air       ###.......   58%         5    ######.
c - Airstrike             Air            ###.......   17%         4    ####...
w - Blink                 Tloc           N/A          21%         2    #......

Your spell library contained the following spells:

 Spells                   Type           Power        Failure   Level  Hunger
 Magic Dart               Conj           ###.         4%          1    None
 Swiftness                Chrm/Air       ##......     8%          2    #......
 Call Imp                 Summ           #.......     21%         2    #......
 Slow                     Hex            #.......     21%         2    #......
 Static Discharge         Conj/Air       ###.....     8%          3    ###....
 Mephitic Cloud           Conj/Pois/Air  ##......     14%         3    ###....
 Conjure Flame            Conj/Fire      #.......     22%         3    ###....


Dungeon Overview and Level Annotations

Branches:
Dungeon (4/15)             Temple (1/1) D:4

Altars:
Cheibriados
Nemelex Xobeh
Ru
Vehumet


Innate Abilities, Weirdness & Mutations

You cannot wear armour.
You are incapable of wielding weapons or throwing items.
Your paws allow you to move quietly. (Stealth)
You have sharp claws.
You have razor-sharp teeth.
You have supernaturally acute eyesight. (SInv)
You are carnivorous and can eat meat at any time.
You cover ground quickly.
You are covered in thick fur. (AC +2)
You have a slow metabolism.
Your sharp claws are effective at attacking unaware monsters.


Message History

You don't have enough magic to cast that spell.
Aim: Grinder (almost dead)
The zap misses Grinder.
Grinder closely misses you.
Aim: Grinder (almost dead)
The zap misses Grinder.
Grinder hits you.
You writhe in agony.
* * * LOW HITPOINT WARNING * * *
You don't have enough magic to cast that spell.
You aren't carrying any items that you can evoke.
Unknown command.
You barely miss Grinder. Grinder gestures at you.
Pain shoots through your body!
Ouch! That really hurt!
You die...
You are now level 5!
You rejoin the land of the living...
Grinder gestures at you.
You suddenly lose the ability to move!
You can move again.
Aim: Grinder (almost dead)
You miscast Airstrike.
You are very lightly contaminated with residual magic.
You hear a crackling sound.
Grinder hits you.
Aim: Grinder (almost dead)
You miscast Airstrike.
You feel a strange surge of energy! Grinder closely misses you.
Aim: Grinder (almost dead)
The air twists around and strikes Grinder!
You kill Grinder!
Vehumet accepts your kill.
Your Fighting skill increases to level 3!
Your Conjurations skill increases to level 3!
Your Air Magic skill increases to level 5!
Welcome back to level 6!
You butcher the felid corpse of vurker.
p - 2 chunks of flesh
There is a stone staircase leading down here.
You see here the felid skeleton of vurker.
There is a stone staircase leading down here.
You see here the felid skeleton of vurker.
Eating one of 2 chunks of flesh.
You eat one of the 2 chunks of flesh.
This raw flesh tastes great.
Eating a chunk of flesh.
You eat the chunk of flesh.
This raw flesh tastes great.
You start resting.
You start resting.
Your magical contamination has completely faded away.
You climb downwards.
There is a stone staircase leading up here.

### ###.## #....# ...#.#####
.......#.### ### ..#.#......#
#.## ..........####>.#
.#.#.#.....##...#### ####
.......#...#....@..######..###
.#.>.#...#............#......#
..)....#.....................####
.#.#.#...................#...#...
..............##........#........
#.#.#.#........#........#...8....
..............)....##............
...#.##...........##......8.8.8..
.....#...........###.............


There were no monsters in sight!

Vanquished Creatures
  Grinder (D:3)
  An ogre (D:4)
  A howler monkey (D:4)
  Crazy Yiuf (D:2)
  A bullfrog skeleton (D:4)
  An iguana (D:4)
  6 worker ants (D:4)
  7 adders
  3 oozes
  2 worms
  2 dart slugs (D:3)
  3 leopard geckos
  4 bats
  4 giant cockroaches
  4 goblins
  8 hobgoblins
  3 jackals (D:3)
  6 kobolds
  9 frilled lizards
  3 rats (D:1)
70 creatures vanquished.

Notes
Turn   | Place    | Note
-------+----------+-------------------------------------------
     0 | D:1      | vurker the Felid Air Elementalist began the quest for the
                  | Orb.
     0 | D:1      | Reached XP level 1. HP: 7/7 MP: 4/4
   224 | D:1      | Reached skill level 1 in Conjurations
   624 | D:1      | Reached XP level 2. HP: 11/11 MP: 0/6
  1189 | D:2      | Reached skill level 3 in Air Magic
  1451 | D:2      | Found a sparkling altar of Nemelex Xobeh.
  1514 | D:2      | Reached XP level 3. HP: 15/15 MP: 2/7
  1568 | D:2      | Reached skill level 1 in Fighting
  1720 | D:2      | Found a runed translucent door.
  1721 | D:2      | Noticed Crazy Yiuf
  1755 | D:2      | Killed Crazy Yiuf
  1755 | D:2      | Reached XP level 4. HP: 19/19 MP: 3/9
  2344 | D:3      | Found a snail-covered altar of Cheibriados.
  2718 | D:3      | Noticed Grinder
  2729 | D:3      | Paralysed by Grinder for 7 turns
  3694 | D:4      | Reached XP level 5. HP: 17/22 MP: 3/10
  3779 | D:4      | Found a staircase to the Ecumenical Temple.
  3784 | Temple   | Entered the Ecumenical Temple
  3816 | Temple   | Became a worshipper of Vehumet
  3852 | D:4      | Learned a level 5 spell: Lightning Bolt
  3857 | D:4      | Learned a level 4 spell: Airstrike
  4062 | D:4      | Reached skill level 4 in Air Magic
  4281 | D:4      | Gained mutation: You are covered in thick fur. (AC +2)
                  | [Felid growth]
  4281 | D:4      | Reached XP level 6. HP: 13/26 MP: 1/12
  5114 | D:3      | Learned a level 2 spell: Blink
  5543 | D:4      | Found a sacrificial altar of Ru.
  5623 | D:4      | Found a sparkling altar of Nemelex Xobeh.
  5966 | D:3      | Paralysed by Grinder for 6 turns
  5975 | D:3      | Killed from afar by Grinder
  5976 | D:3      | Reached XP level 5. HP: -1/23 MP: 0/12
  5979 | D:3      | Paralysed by Grinder for 6 turns
  5988 | D:3      | Killed Grinder
  5988 | D:3      | Reached skill level 5 in Air Magic
  5988 | D:3      | Reached XP level 6. HP: 25/28 MP: 0/14
  6087 | D:4      | Quit the game

Levels and vault maps discovered:
D:1:      ebering_hopf_link, layout_basic
D:2:      layout_loops_ring, nemelex_spade_bored_becter, uniq_crazy_yiuf_cottage
D:3:      layout_rooms, cheibriados_altar_1, first_ration, uniq_grinder
D:4:      layout_cave_pools, nicolae_overflow_hidden_temple,
          hangedman_ru_absence, minmay_temple_entry_sparse_star,
          serial_column_ruins, column_ruins_hut, column_ruins_open_large,
          column_ruins_grid_1, column_ruins_grid_3,
          column_ruins_columns_straight
Temple:   nicolae_temple_figure_zero

Skill      XL: |  1  2  3  4  5  6 |
---------------+-------------------+-----
Conjurations   | 1 3 |  3.0
Air Magic      | 3 5 |  5.0
Fighting       | 1 3 |  3.0
Spellcasting   | 3 4 |  4.7
Dodging        | |  2.6
Stealth        | |  2.6

Action                   |  1- 3 |  4- 6 || total
-------------------------+-------+-------++-------
Melee: Unarmed           |    37 |    10 ||    47
       Bite              |     4 |       ||     4
 Cast: Shock             |    58 |   183 ||   241
       Airstrike         |       |     8 ||     8
  Use: Scroll            |       |     4 ||     4
       Potion            |       |     1 ||     1
  Eat: Chunk             |    10 |    10 ||    20
Armor: Skin              |    11 |     5 ||    16
Dodge: Dodged            |    59 |    73 ||   132

Table legend:
 A = Non-vault XP
 B = Vault XP
 C = Vault XP percentage of total XP
 D = Non-vault monster count
 E = Vault monster count
 F = Vault count percentage of total count
                 A         B        C        D         E       F
            +---------+---------+-------+---------+---------+-------
      Total |     665 |     341 |  33.9 |      68 |       2 |   2.9
            +---------+---------+-------+---------+---------+-------
        D:1 |      18 |       0 |   0.0 |      10 |       0 |   0.0
        D:2 |      73 |      41 |  36.0 |      17 |       1 |   5.6
        D:3 |      72 |     300 |  80.6 |      20 |       1 |   4.8
        D:4 |     502 |       0 |   0.0 |      21 |       0 |   0.0
            +---------+---------+-------+---------+---------+-------
